Map: Para Site LE

Players

Zanster

  • Race: Zerg Zerg
  • Spawn Location: 5:00

Elazer - Winner!

  • Race: Zerg Zerg
  • Spawn Location: 11:00

Event: WCS Montreal 2018

VOD

Have the link to the VOD?

Description

Time

  • Played on: Sept. 7, 2018, 6:11 p.m.
  • Length: 7:35

All games in this series

Show
View Real Time Build Order
Export as new Build Order

Zanster Zerg 

Build Orders: Hatch First 

Get SALT Encoding   

  12  0:00  Drone  
  13  0:12  Overlord  
  13  0:17  Drone  
  14  0:31  Drone x2  
  14  0:35  Drone  
  17  0:51  Hatchery  
  17  0:54  Drone  
  18  0:57  Drone  
  18  1:09  Extractor  
  17  1:12  Spawning Pool  
  17  1:14  Drone  
  17  1:18  Drone  
  18  1:29  Drone  
  19  1:39  Drone  
  20  1:50  Overlord  
  20  1:59  Queen  
  22  2:03  Queen  
  22  2:04  Drone x2  
  22  2:08  Metabolic Boost  
  26  2:11  Drone  
  26  2:14  Drone  
  28  2:23  Drone  
  28  2:28  Zergling x2  
  30  2:34  Zergling x2  
  30  2:36  Baneling Nest  
  30  2:39  Drone  
  30  2:41  Queen  
  30  2:44  Drone  
  34  2:50  Overlord  
  34  2:59  Drone  
  34  3:00  Hatchery  
  34  3:05  Drone x2  
  36  3:15  Zergling x10  
  36  3:19  Baneling x3  
  41  3:20  Baneling  
  41  3:22  Zergling x2  
  41  3:24  Zergling x2  
  41  3:34  Baneling  
  41  3:38  Drone x3  
  42  3:43  Drone  
  42  3:50  Drone  
  42  3:52  Overlord  
  43  4:09  Drone  
  44  4:10  Drone x3, Hatchery  
  44  4:11  Drone  
  47  4:17  Overlord  
  47  4:21  Drone  
  47  4:22  Drone x2  
  47  4:23  Drone  
  51  4:27  Drone  
  52  4:32  Overlord  
  52  4:35  Extractor  
  49  4:40  Drone x3, Evolution Chamber  
  49  4:42  Evolution Chamber  
  50  4:46  Zergling x4  
  50  4:48  Zergling x4  
  50  4:50  Overlord  
  54  4:53  Drone  
  55  5:00  Drone  
  55  5:01  Drone x3  
  58  5:10  Overlord  
  58  5:13  Drone  
  59  5:16  Drone  
  59  5:17  Drone x2  
  61  5:21  Zerg Missile Weapons Level 1, Zerg Ground Armor Level 1  
  61  5:22  Drone x3  
  61  5:23  Drone  
  61  5:25  Drone  
  66  5:34  Drone x4  
  70  5:38  Lair  
  70  5:40  Roach Warren  
  69  5:43  Overlord  
  69  5:45  Drone  
  69  5:49  Overlord  
  70  5:54  Overlord  
  70  5:58  Extractor, Drone x3  
  70  5:59  Extractor, Drone x5  
  70  6:01  Baneling  
  70  6:03  Drone  
  70  6:04  Drone  
  78  6:08  Extractor x2, Drone  
  75  6:23  Overlord  
  75  6:24  Zergling x14  
  80  6:27  Overlord  
  80  6:30  Drone x5  
  85  6:40  Drone  
  85  6:41  Drone x2  
  85  6:44  Drone, Hydralisk Den  
  85  6:47  Hatchery  
  87  6:48  Roach  
  87  6:49  Roach x2  
  87  6:50  Roach  
  87  6:53  Overlord  
  95  6:59  Roach x3  
  101  7:04  Overlord  
  101  7:14  Roach x8  
Show
View Real Time Build Order
Export as new Build Order

Elazer Zerg - Winner!

Build Orders: Pool First 

Get SALT Encoding   

  12  0:00  Drone  
  13  0:12  Overlord  
  13  0:17  Drone  
  14  0:30  Drone x2  
  16  0:36  Drone  
  17  0:44  Extractor, Drone  
  17  0:49  Spawning Pool  
  16  0:55  Drone  
  17  1:06  Drone  
  18  1:15  Hatchery  
  17  1:20  Drone  
  18  1:36  Queen  
  18  1:37  Zergling x2  
  18  1:39  Zergling x2  
  22  1:44  Metabolic Boost  
  22  1:51  Overlord  
  22  2:12  Zergling x4, Baneling Nest  
  22  2:15  Queen  
  25  2:22  Zergling x2  
  26  2:29  Zergling x2  
  27  2:34  Zergling x2  
  28  2:38  Drone  
  29  2:45  Zergling x8  
  29  2:50  Overlord  
  33  2:55  Baneling  
  33  2:56  Baneling  
  33  2:58  Drone  
  34  3:00  Drone  
  35  3:09  Overlord  
  35  3:11  Drone  
  36  3:16  Drone  
  36  3:19  Baneling  
  37  3:20  Drone x3  
  37  3:23  Drone  
  40  3:27  Drone x2  
  40  3:31  Drone  
  40  3:33  Drone  
  44  3:35  Drone  
  45  3:43  Drone  
  45  3:46  Overlord  
  45  3:56  Hatchery  
  45  3:58  Drone x2  
  46  4:04  Overlord  
  46  4:05  Drone  
  46  4:07  Drone x2  
  48  4:10  Drone  
  48  4:13  Drone  
  48  4:15  Overlord  
  48  4:16  Drone  
  51  4:23  Drone x2  
  53  4:24  Evolution Chamber  
  53  4:28  Drone  
  52  4:33  Overlord  
  52  4:34  Drone x3  
  52  4:38  Drone x2  
  57  4:40  Extractor x2  
  57  4:42  Queen  
  57  4:46  Drone x2  
  57  4:51  Zerg Missile Weapons Level 1  
  59  4:54  Lair  
  59  4:55  Drone  
  59  4:57  Drone  
  61  5:04  Overlord  
  61  5:06  Drone, Roach Warren  
  60  5:13  Overlord  
  60  5:14  Drone x2  
  60  5:16  Overlord  
  62  5:22  Overlord  
  62  5:26  Drone x2  
  64  5:30  Overlord  
  64  5:34  Extractor  
  64  5:35  Extractor  
  61  5:36  Drone x4  
  61  5:38  Drone  
  66  5:43  Drone  
  66  5:47  Overlord  
  67  5:50  Glial Reconstitution  
  67  5:51  Roach  
  67  5:52  Roach  
  71  5:59  Roach x4  
  79  6:04  Overlord  
  79  6:07  Overlord, Roach x2  
  83  6:13  Roach x5  
  92  6:21  Roach  
  92  6:22  Roach x2  
  92  6:23  Ravager  
  98  6:28  Roach x4  
  98  6:30  Roach x3  
  98  6:32  Roach  
  114  6:38  Roach x4  
  122  6:40  Roach  
  126  6:47  Roach x2  
  128  6:56  Roach x4  
  135  7:03  Roach  
  135  7:04  Roach x3  
  142  7:09  Ravager  
  142  7:11  Roach  
  142  7:15  Overlord  
Tags
 
Add a new tag
Caveats
  • Supply blocks, unpowered buildings, or Contaminate may cause inaccurate times.
  • Supply counts are checked every 10 seconds.